 Dungeon Crawl Stone Soup version 0.30.1-11-g7821555f0a (webtiles) character file.

Game seed: 12103346953455863586

108763 Peloso the Peltast (level 16, -7/152 HPs)
             Began as a Minotaur Fighter on Nov 13, 2023.
             Was the Champion of Okawaru.
             Killed from afar by a living spell (60 damage)
             ... with a crystal spear
             ... summoned by a walking crystal tome
             ... in a wizard's laboratory.
             The game lasted 01:04:16 (27541 turns).

Peloso the Peltast (Minotaur Fighter)              Turns: 27541, Time: 01:04:18

Health: -7/152     AC: 27    Str: 24      XL:     16   Next: 3%
Magic:  12/14      EV: 16    Int:  3 (4)  God:    Okawaru [******]
Gold:   2257       SH: 24    Dex: 26      Spells: 15/15 levels left

rFire   + . .        a - +2 double sword (holy)
rCold   + + .        d - +0 kite shield
rNeg    + + +        y - +2 plate armour of Exclusion {Rampage rN+ Will+}
rPois   +            l - +0 hat of the Iron City of Dis {rPois rC+ rCorr Str+2}
rElec   .            Y - scarf {rC+ rF+}
rCorr   +            (no gloves)
SInv    +            x - +0 pair of boots "Vaantos" {rN++}
Will    ++...        K - amulet of reflection Stlth
                     L - +6 ring of dexterity
HPRegen 0.45/turn    W - +4 ring of protection
MPRegen 0.14/turn

%: reflection, rampage
@: heroic
A: horns 2, retaliatory headbutt, see invisible, agile 1, low MP 1
a: Renounce Religion, Heroism, Finesse, Duel


You were in a wizard's laboratory.
You worshipped Okawaru.
Okawaru was exalted by your worship.
You visited 5 branches of the dungeon, and saw 24 of its levels.
You also visited: Gauntlet and Wizlab.

You collected 2327 gold pieces.
You spent 70 gold pieces at shops.

Inventory:

Hand Weapons
 a - a +2 double sword of holy wrath (weapon)
 b - a +4 scimitar of flaming
Armour
 d - a +0 kite shield (worn)
 l - the +0 hat of the Iron City of Dis (worn) {rPois rC+ rCorr Str+2}
   (Okawaru gifted it to you in a Gauntlet)

   Str:       It affects your strength (+2).
   rC:        It protects you from cold.
   rPois:     It protects you from poison.
   rCorr:     It protects you from acid and corrosion.
 x - the +0 pair of boots "Vaantos" (worn) {rN++}
   (You found it in a Gauntlet)

   rN:        It greatly protects you from negative energy.
 y - the +2 plate armour of Exclusion (worn) {Rampage rN+ Will+}
   (Okawaru gifted it to you on level 14 of the Dungeon)

   rN:        It protects you from negative energy.
   Rampage:   It bestows one free step when moving towards enemies.
   Will:      It increases your willpower.
 Y - a scarf of resistance (worn)
Jewellery
 K - an amulet of reflection (around neck)
 L - a +6 ring of dexterity (left hand)
 P - a ring of see invisible
 V - a ring of flight
 W - a +4 ring of protection (right hand)
Scrolls
 g - 5 scrolls of magic mapping
 o - 4 scrolls of blinking
 r - 13 scrolls of teleportation
 w - 4 scrolls of poison
 z - 3 scrolls of identify
 O - a scroll of acquirement
Potions
 p - 12 potions of curing
 s - a potion of haste
 B - a potion of invisibility
 G - 4 potions of heal wounds
 I - 4 potions of flight
 U - a potion of berserk rage
 Z - 2 potions of might


   Skills:
 + Level 16.3(21.3) Fighting
 + Level 18.1(23.1) Long Blades
 + Level 15.4(20.4) Armour
 + Level 6.7(11.7) Dodging
 + Level 1.9(6.9) Stealth
 + Level 18.7(23.7) Shields
 + Level 1.2 Invocations


You had 15 spell levels left.
You didn't know any spells.
Your spell library contained the following spells:

 Spells                   Type           Power      Damage    Failure   Level
 Beastly Appendage        Tmut           0%         N/A       98%         1
 Slow                     Hex            0%         N/A       98%         1
 Sting                    Tmut/Pois      0%         1d3       98%         1
 Ensorcelled Hibernation  Hex/Ice        0%         N/A       99%         2
 Lesser Beckoning         Tloc           0%         N/A       99%         2
 Passwall                 Tmut/Erth      0%         N/A       99%         2
 Sublimation of Blood     Necr           0%         N/A       99%         2
 Wereblood                Tmut           0%         N/A       99%         2
 Confusing Touch          Hex            0%         N/A       100%        3
 Dazzling Flash           Conj/Hex       0%         N/A       100%        3
 Frozen Ramparts          Ice            0%         1d1       100%        3
 Gell's Gravitas          Tloc           0%         N/A       100%        3
 Ozocubu's Armour         Ice            0%         N/A       100%        3
 Spider Form              Tmut/Pois      0%         N/A       100%        3
 Stone Arrow              Conj/Erth      0%         3d7       100%        3
 Swiftness                Air            0%         N/A       100%        3
 Teleport Other           Tloc           0%         N/A       100%        3
 Volatile Blastmotes      Fire/Tloc      0%         2d10      100%        3
 Dispel Undead            Necr           0%         3d6       100%        4
 Ice Form                 Ice/Tmut       0%         N/A       100%        4
 Iskenderun's Mystic Bla  Conj/Tloc      0%         2d3       100%        4
 Leda's Liquefaction      Hex/Erth       0%         N/A       100%        4
 Passage of Golubria      Tloc           0%         N/A       100%        4
 Alistair's Intoxication  Tmut/Pois      0%         N/A       100%        5
 Blade Hands              Tmut           0%         N/A       100%        5
 Borgnjor's Vile Clutch   Necr/Erth      0%         N/A       100%        5
 Irradiate                Conj/Tmut      0%         3d11      100%        5
 Lee's Rapid Deconstruct  Erth           0%         3d4*      100%        5
 Metabolic Englaciation   Hex/Ice        0%         N/A       100%        5
 Silence                  Hex/Air        0%         N/A       100%        5
 Starburst                Conj/Fire      0%         6d3       100%        6
 Statue Form              Tmut/Erth      0%         N/A       100%        6
 Dragon Form              Tmut           0%         N/A       100%        7
 Borgnjor's Revivificati  Necr           0%         N/A       100%        8
 Lehudib's Crystal Spear  Conj/Erth      0%         10d2      100%        8
 Necromutation            Tmut/Necr      0%         N/A       100%        8
 Death's Door             Necr           0%         N/A       100%        9
 Summon Guardian Golem    Hex/Summ       Unusable   N/A       N/A         3
 Tukima's Dance           Hex            Unusable   N/A       N/A         3
 Animate Dead             Necr           Unusable   N/A       N/A         4
 Summon Ice Beast         Ice/Summ       Unusable   N/A       N/A         4
 Death Channel            Necr           Unusable   N/A       N/A         6
 Simulacrum               Ice/Necr       Unusable   N/A       N/A         6
 Summon Hydra             Summ           Unusable   N/A       N/A         7

Dungeon Overview and Level Annotations

Branches:
Dungeon (15/15)            Temple (1/1) D:6            Lair (5/5) D:11
 Shoals (0/4) Lair:3        Snake (0/4) Lair:3        Slime (0/5) Lair:5
    Orc (2/2) D:11            Elf (1/3) Orc:2        Vaults (0/5) D:13
 Depths (0/4) D:15         WizLab (1/1)             Gauntlet (visited)

Altars:
Ashenzari
Cheibriados
Dithmenos
Elyvilon
Fedhas
Gozag
Hepliaklqana
Kikubaaqudgha
Makhleb
Nemelex Xobeh
Okawaru
Qazlal
Ru
Sif Muna
Trog
Uskayaw
Vehumet
Wu Jian
Xom
Yredelemnul
Zin
The Shining One
Jiyva

Shops:
D:7 (   D:13 (   Orc:2 *[=(

Annotations:
D:11 Casa
D:15 2 transporters, Xuacuomure's ghost, journeyman MiFi


Innate Abilities, Weirdness & Mutations

You have a pair of horns on your head.
You reflexively headbutt those who attack you in melee.
You have supernaturally acute eyesight. (SInv)
You are agile. (Dex +4, Str/Int -1)
Your magical capacity is low. (-10% MP)


Message History

A walking frostbound tome comes into view.
Found a pair of bloodstained boots.
Found a pair of encrusted boots.
You feel sick.
The walking frostbound tome's pages rustle loudly.
The living spell casts itself at you.
You block crystal spear... and reflect it back!
The crystal spear hits the living spell!!!
You destroy the living spell!
You gain the combat prowess of a mighty hero.
You feel sick.
You are no longer poisoned.
The walking crystal tome erupts in a flurry of living spells!
You rampage towards the walking crystal tome!
You barely miss the walking crystal tome.
You block the walking crystal tome's attack.
You slash the walking crystal tome!
The walking crystal tome is lightly damaged.
The living spell casts itself at you.
You block crystal spear... and reflect it back!
The crystal spear hits the living spell!!!
You destroy the living spell!
The living spell casts itself at you. The crystal spear misses you.
You hit the walking crystal tome.
The walking crystal tome is lightly damaged.
The walking frostbound tome erupts in a flurry of living spells!
The living spell casts itself at you. The crystal spear hits you!!
You hit the walking crystal tome.
The walking crystal tome is moderately damaged.
The walking crystal tome misses you. You furiously retaliate!
You headbutt the walking crystal tome!
The walking frostbound tome erupts in a flurry of living spells!
You slash the walking crystal tome!
The walking crystal tome is heavily damaged.
The living spell casts itself at you. The crystal spear hits you!!
The living spell casts itself at you. The crystal spear hits you!!!
You die...

## ## [###
#######
.######..[###
....##.....###
.....*;##*..##
###.**##..##
###.*..;##
##..#.@##
###...###
###..###
##...##
##..### ##''##
#.)## ##...##
##..)##


You could see a walking crystal tome, a walking frostbound tome and 5 living
spells.

Vanquished Creatures
  Jorgrun (D:15)
  Kirke (D:15)
  Roxanne (D:14)
  A deep elf elementalist (Elf:1)
  2 orc warlords
  Azrael (Orc:1)
  A minotaur (Gauntlet)
  A green death (Gauntlet)
  An entropy weaver (Gauntlet)
  Erolcha (Orc:1)
  An ogre mage (Orc:2)
  A hydra (Lair:2)
  2 rakshasas (WizLab)
  8 centaur warriors
  Erica (D:9)
  A catoblepas (D:14)
  4 dancing weapons
  6 two-headed ogres
  2 boulder beetles
  6 death yaks (Lair:3)
  3 tengu warriors
  A vampire mage (D:15)
  5 orc high priests
  Nergalle (D:10)
  A deep elf knight (Elf:1)
  A sun demon (Gauntlet)
  3 skysharks
  3 skeletal warriors
  3 deep elf archers (Elf:1)
  A golden dragon zombie (D:15)
  A lindwurm (Lair:2)
  Pikel (D:6)
  A necromancer (D:15)
  A deep elf zephyrmancer (Elf:1)
  2 orc sorcerers
  7 orc knights
  5 cyclopes
  2 deep elf pyromancers (Elf:1)
  A wolf spider (Gauntlet)
  3 manticores
  A shining eye (Gauntlet)
  7 ugly things
  A merfolk siren (Lair:3)
  Joseph (D:8)
  Maurice (D:9)
  2 gargoyles
  17 elephants
  2 black mambas
  A frost giant skeleton (D:15)
  7 cane toads
  4 centaur skeletons (D:13)
  2 kobold demonologists
  A hellion (Gauntlet)
  7 yaktaurs (D:13)
  10 komodo dragons
  A freezing wraith (D:14)
  A rime drake (Lair:5)
  2 efreet
  A meliai (shapeshifter) (D:13)
  8 hornets
  9 polar bears
  9 trolls
  9 blink frogs
  17 dream sheep
  An ettin zombie (D:15)
  Sigmund (D:6)
  3 slime creatures (D:13)
  5 wraiths
  2 shadows (D:11)
  14 spriggans
  28 yaks
  9 wyverns
  5 hogs (D:15)
  A water elemental (Elf:1)
  2 vampires
  3 fire elementals
  A golden eye (Gauntlet)
  6 basilisks
  A basilisk (shapeshifter) (D:13)
  2 steam dragons (D:9)
  11 vampire mosquitoes
  2 redbacks (Gauntlet)
  2 wargs
  A human zombie (D:15)
  A naga (Lair:3)
  15 water moccasins
  3 hell hounds (Orc:1)
  2 acid dragons (D:11)
  A floating eye (Gauntlet)
  2 black bears
  37 orc warriors
  An ice beast (D:5)
  A sky beast (D:7)
  12 ogres
  4 boggarts (Lair:5)
  21 wolves
  13 centaurs
  3 lemures (D:5)
  3 phantoms (D:6)
  7 kobold brigands
  4 bullfrogs
  7 scorpions
  A troll zombie (D:11)
  20 killer bees
  4 howler monkeys
  2 electric eels
  6 hounds
  4 jellies
  14 orc priests
  A gnoll bouda (D:7)
  2 sleepcaps
  4 iguanas
  17 orc wizards
  7 ogre zombies (D:11)
  10 gnolls
  5 adders
  2 white imps
  2 ufetubi (D:5)
  3 worms
  4 dart slugs
  83 orcs
  6 endoplasms
  2 giant cockroaches
  4 goblins
  4 hobgoblins
  10 jackals
  22 kobolds
  6 ball pythons
  5 bats
  5 frilled lizards
  2 goblin zombies (D:11)
  3 hobgoblin skeletons (D:11)
  2 hobgoblin zombies (D:11)
  An orc skeleton (D:11)
  17 orc zombies (D:11)
  8 rats
  A butterfly (D:6)
736 creatures vanquished.

Vanquished Creatures (others)
  A deep elf pyromancer (Elf:1)
  An unseen horror (D:9)
  2 orc wizards
  A kobold (D:9)
5 creatures vanquished.

Grand Total: 741 creatures vanquished

Notes
Turn   | Place    | Note
-------+----------+-------------------------------------------
     0 | D:1      | Peloso the Minotaur Fighter began the quest for the Orb.
     0 | D:1      | Reached XP level 1. HP: 19/19 MP: 0/0
   155 | D:1      | Reached XP level 2. HP: 27/27 MP: 1/1
   888 | D:2      | Reached XP level 3. HP: 10/33 MP: 2/2
  1129 | D:2      | Reached skill level 1 in Dodging
  1390 | D:2      | Reached XP level 4. HP: 30/40 MP: 3/3
  1486 | D:2      | Found a glowing golden altar of the Shining One.
  1761 | D:3      | Found a hide-covered altar of Uskayaw.
  1890 | D:3      | Found an ornate altar of the Wu Jian Council.
  2059 | D:3      | Found a shimmering blue altar of Sif Muna.
  2085 | D:3      | Noticed a scorpion
  2094 | D:3      | Killed a scorpion
  2095 | D:3      | Reached XP level 5. HP: 22/46 MP: 4/4
  2260 | D:3      | Reached skill level 5 in Long Blades
  2726 | D:4      | Reached XP level 6. HP: 48/53 MP: 5/5
  2815 | D:4      | Reached skill level 5 in Armour
  2984 | D:3      | Reached skill level 5 in Shields
  3202 | D:4      | Reached XP level 7. HP: 51/60 MP: 6/6
  3443 | D:4      | Reached skill level 5 in Fighting
  3788 | D:5      | Entered Level 5 of the Dungeon
  4249 | D:5      | Reached XP level 8. HP: 65/68 MP: 7/7
  4477 | D:5      | Found a snail-covered altar of Cheibriados.
  4783 | D:6      | Noticed Pikel
  4916 | D:6      | Killed Pikel
  5086 | D:6      | Found a staircase to the Ecumenical Temple.
  5123 | Temple   | Entered the Ecumenical Temple
  5234 | D:6      | Found a shadowy altar of Dithmenos.
  5253 | D:6      | Noticed Sigmund
  5258 | D:6      | Killed Sigmund
  5260 | D:6      | Reached XP level 9. HP: 72/75 MP: 8/8
  5367 | D:6      | Identified the +0 cloak of a Million Seers {rElec rC+++
                  | Int-4 Slay+6}
  5746 | D:7      | Identified the +5 spear "Jeijypp" {flame, rC++}
  5872 | D:7      | Reached skill level 10 in Long Blades
  6052 | D:7      | Found an opulent altar of Gozag.
  6220 | D:7      | Found Tecvui's Weapon Shoppe.
  6667 | D:8      | Found an ancient bone altar of Kikubaaqudgha.
  7060 | D:8      | Noticed Joseph
  7074 | D:8      | Killed Joseph
  7494 | D:9      | Reached XP level 10. HP: 86/86 MP: 9/9
  7512 | D:9      | Found a transporter.
  8048 | D:9      | Found a bloodstained altar of Trog.
  8196 | D:9      | Found a transporter.
  8234 | D:9      | Found a shimmering altar of Xom.
  8278 | D:9      | Noticed Erica
  8285 | D:9      | Killed Erica
  8475 | D:9      | Noticed Maurice
  8493 | D:9      | Killed Maurice
  8722 | D:10     | Entered Level 10 of the Dungeon
  8733 | D:10     | Found a sacrificial altar of Ru.
  8742 | D:10     | Reached skill level 10 in Shields
  8833 | D:10     | Noticed a two-headed ogre
  8839 | D:10     | Killed a two-headed ogre
  8840 | D:10     | Reached skill level 10 in Armour
  8988 | D:10     | Noticed a two-headed ogre
  8992 | D:10     | Killed a two-headed ogre
  8993 | D:10     | Reached XP level 11. HP: 85/95 MP: 8/10
  9034 | D:10     | Found a glowing golden altar of the Shining One.
  9145 | D:10     | Found a burning altar of Makhleb.
  9193 | D:10     | Found a stormy altar of Qazlal.
  9201 | D:10     | Found an iron altar of Okawaru.
  9204 | D:10     | Found a hazy altar of Hepliaklqana.
  9210 | D:10     | Became a worshipper of Warmaster Okawaru
  9244 | D:10     | Noticed Nergalle
  9258 | D:10     | Killed Nergalle
  9447 | D:10     | Identified a scroll of acquirement
  9706 | D:11     | Noticed a two-headed ogre
  9708 | D:11     | Reached * piety under Okawaru
  9715 | D:11     | Killed a two-headed ogre
  9719 | D:11     | Noticed a boulder beetle
  9726 | D:11     | Killed a boulder beetle
  9744 | D:11     | Reached ** piety under Okawaru
 10175 | D:11     | Found a staircase to the Orcish Mines.
 10307 | D:11     | Noticed a two-headed ogre
 10310 | D:11     | Reached *** piety under Okawaru
 10311 | D:11     | Reached skill level 10 in Fighting
 10314 | D:11     | Killed a two-headed ogre
 10346 | D:11     | Reached XP level 12. HP: 101/107 MP: 11/11
 10359 | D:11     | Found a staircase to the Lair.
 10393 | D:11     | Reached **** piety under Okawaru
 10767 | D:11     | Found a shadowy altar of Dithmenos.
 10912 | Lair:1   | Entered Level 1 of the Lair of Beasts
 12023 | Lair:2   | Reached skill level 1 in Stealth
 12291 | Lair:2   | Found an ancient bone altar of Kikubaaqudgha.
 12324 | Lair:2   | Reached ***** piety under Okawaru
 12491 | Lair:2   | Received a gift from Okawaru
 12761 | Lair:2   | Noticed a six-headed hydra
 12768 | Lair:2   | Killed a three-headed hydra
 13290 | Lair:3   | Found a staircase to the Snake Pit.
 13312 | Lair:3   | Noticed a death yak
 13312 | Lair:3   | Noticed a death yak
 13313 | Lair:3   | Noticed a death yak
 13325 | Lair:3   | Killed a death yak
 13325 | Lair:3   | Received a gift from Okawaru
 13326 | Lair:3   | Reached skill level 15 in Long Blades
 13327 | Lair:3   | Killed a death yak
 13336 | Lair:3   | Killed a death yak
 13505 | Lair:3   | Reached XP level 13. HP: 85/118 MP: 8/12
 13731 | Lair:3   | Found a staircase to the Shoals.
 14937 | D:12     | Got Sif Muna's Parchment of Dislocation
 15352 | Orc:1    | Entered Level 1 of the Orcish Mines
 15482 | Orc:2    | Entered Level 2 of the Orcish Mines
 15486 | Orc:2    | Noticed an orc warlord
 15581 | Orc:1    | Killed an orc warlord
 15876 | Orc:2    | Noticed Azrael
 16095 | Orc:1    | Killed Azrael
 16238 | Orc:2    | Found Unlad's Antique Armour Emporium.
 16738 | Orc:2    | Found Waeh's General Store.
 16743 | Orc:2    | Found a staircase to the Elven Halls.
 16751 | Orc:2    | Bought a potion of berserk rage for 70 gold pieces
 16833 | Orc:2    | Received a gift from Okawaru
 16978 | Orc:2    | Paralysed by an orc sorcerer for 3 turns
 17345 | Orc:2    | Noticed an orc warlord
 17357 | Orc:2    | Killed an orc warlord
 17367 | Orc:2    | Reached skill level 15 in Shields
 17524 | Orc:2    | Found Vitaw's Jewellery Emporium.
 17541 | Orc:2    | Found Laleonia's Antique Weapon Boutique.
 17621 | Orc:2    | Reached XP level 14. HP: 111/129 MP: 10/13
 18138 | Orc:1    | Noticed Erolcha
 18151 | Orc:1    | Killed Erolcha
 18706 | Lair:4   | Found a gate leading to a gauntlet.
 18720 | Gauntlet | Entered a Gauntlet
 18720 | Gauntlet | Found a transporter.
 18723 | Gauntlet | Found a transporter.
 18727 | Gauntlet | Found a transporter.
 18732 | Gauntlet | Found a transporter.
 18739 | Gauntlet | Found a transporter.
 18743 | Gauntlet | Found a transporter.
 18748 | Gauntlet | Found a transporter.
 18755 | Gauntlet | Found a transporter.
 18759 | Gauntlet | Found a transporter.
 18764 | Gauntlet | Found a transporter.
 18771 | Gauntlet | Found a transporter.
 18775 | Gauntlet | Found a transporter.
 18780 | Gauntlet | Found a transporter.
 18790 | Gauntlet | Found a transporter.
 18872 | Gauntlet | Paralysed by a floating eye for 4 turns
 18890 | Gauntlet | Gained mutation: You are weak. (Str -2) [a shining eye]
 18893 | Gauntlet | Gained mutation: You are clumsy. (Dex -2) [a shining eye]
 18900 | Gauntlet | Lost mutation: You are weak. (Str -2) [potion of mutation]
 18900 | Gauntlet | Lost mutation: You are clumsy. (Dex -2) [potion of
                  | mutation]
 18900 | Gauntlet | Lost intelligence.
 18900 | Gauntlet | Gained mutation: You are agile. (Dex +4, Str/Int -1)
                  | [potion of mutation]
 18900 | Gauntlet | Gained mutation: Your magical capacity is low. (-10% MP)
                  | [potion of mutation]
 18900 | Gauntlet | Gained mutation: You have supernaturally acute eyesight.
                  | (SInv) [potion of mutation]
 18948 | Gauntlet | Identified the +2 cloak of the Harp {rC- rN+ Str+3}
 18962 | Gauntlet | Identified the +0 hat of the Iron City of Dis {rPois rC+
                  | rCorr Str+2} (Okawaru gifted it to you in a Gauntlet)
 18962 | Gauntlet | Received a gift from Okawaru
 18966 | Gauntlet | Identified the +0 pair of boots "Vaantos" {rN++}
 19255 | Gauntlet | Reached skill level 1 in Invocations
 19558 | Gauntlet | Identified the +3 glaive of Governance {heavy, rC+ Str+2}
 19587 | Gauntlet | Got the Spellbook of Hexes
 19590 | Gauntlet | Got the Omnibus of the Plutonic Oath
 19593 | Gauntlet | Got Wassob's Secrets of the Gestalt
 20887 | Lair:4   | Reached skill level 5 in Dodging
 21333 | Lair:5   | Entered Level 5 of the Lair of Beasts
 21566 | Lair:5   | Found a staircase to the Slime Pits.
 21566 | Lair:5   | Found a viscous altar of Jiyva.
 21746 | Lair:5   | Reached ****** piety under Okawaru
 21974 | Lair:5   | Reached skill level 15 in Armour
 22045 | Lair:5   | Identified the scarf "Milate Ytud" {+Inv, rF+ rC+ Dex-4}
                  | (Okawaru gifted it to you on level 5 of the Lair of Beasts)
 22045 | Lair:5   | Received a gift from Okawaru
 23135 | D:13     | Reached XP level 15. HP: 134/139 MP: 13/13
 23204 | D:13     | Found Qim Gyl's Antique Weapon Emporium.
 23322 | D:13     | Found a sacrificial altar of Ru.
 23514 | D:13     | Reached skill level 15 in Fighting
 23829 | D:13     | You fall into a shaft and drop 2 floors!
 23829 | D:15     | Entered Level 15 of the Dungeon
 23905 | D:15     | Noticed Kirke
 23922 | D:15     | Killed Kirke
 23929 | D:15     | Noticed Xuacuomure's ghost (journeyman MiFi)
 23999 | D:15     | Found a glowing silver altar of Zin.
 24016 | D:15     | Found a staircase to the Depths.
 24313 | D:15     | Found a transporter.
 24340 | D:15     | Found a transporter.
 24552 | D:15     | Noticed Jorgrun
 24564 | D:15     | Killed Jorgrun
 25359 | D:14     | Identified the +2 plate armour of Exclusion {Rampage rN+
                  | Will+} (Okawaru gifted it to you on level 14 of the
                  | Dungeon)
 25359 | D:14     | Received a gift from Okawaru
 25543 | D:14     | Identified Roxanne's Octavo of Transition
 25543 | D:14     | Noticed Roxanne
 25567 | D:14     | Killed Roxanne
 26162 | D:13     | Found a gate to the Vaults.
 26253 | D:13     | Got the Compilation of Mutable Unhallowed Liturgies
 27163 | Elf:1    | Entered Level 1 of the Elven Halls
 27240 | Elf:1    | Found a magical portal.
 27487 | WizLab   | Entered Tukima's Studio
 27521 | WizLab   | Reached XP level 16. HP: 146/151 MP: 14/14
 27533 | WizLab   | Noticed a walking crystal tome
 27535 | WizLab   | Noticed a walking frostbound tome
 27541 | WizLab   | Killed from afar by a living spell

Illustrated notes

Levels and vault maps discovered:
D:1:      eino_arrival_cavern_e, layout_basic, roderic_serpentine_path,
          item_on_display_a
D:2:      layout_basic, basic_altar, cheibrodos_gnoll_hut
D:3:      layout_basic, old_standard_altar, mainiacjoe_overflow_six_doors_small,
          mainiacjoe_overflow_boulevard, hellmonk_no_cap
D:4:      layout_loops_cross, dreamdust_gnoll_farm
D:5:      layout_basic, nicolae_overflow_crystal_walls
D:6:      layout_basic, mainiacjoe_overflow_small_starburst,
          minmay_temple_entry_butterflies, uniq_sigmund, uniq_pikel
D:7:      layout_gridville, nicolae_gozag_cash_rules_everything_around_me,
          serial_shops, shop
D:8:      layout_layer_cave, mainiacjoe_overflow_alcove_1, uniq_joseph
D:9:      layout_loops_cross, trog_three_pillars_becter, tgw_xom,
          dk_noncrumbling_2, nicolae_diode_stairs, uniq_erica, uniq_maurice
D:10:     layout_roguey, old_standard_altar, amcnicky_altar_gilded,
          grunt_temple_overflow_cloverleaf, uniq_nergalle
D:11:     minmay_bubble_buster, layout_layer_cave, minmay_lair_entry_grove,
          zombieorc2_lemuel, grunt_dithmenos_smoke_and_mirrors
D:12:     layout_gridville, serial_park_tiny_2, chequers_serial_rivers_micro_a
D:13:     layout_basic, hangedman_vaults_entry_quadrant_bands, serial_shops,
          shop, st_stairs_9, grunt_decor_clamped,
          nicolae_ru_sacrificial_ziggurat
D:14:     layout_loops_corners, grunt_decor_cap, kennysheep_generic_room_6,
          uniq_roxanne
D:15:     gammafunk_depths_entry_grave, layout_long_grid, gammafunk_ghost_hive,
          minmay_misc_feat_room, zin_treasury, uniq_kirke, uniq_jorgrun
Temple:   hellmonk_temple_of_storms
Lair:1:   layout_layer_cave
Lair:2:   layout_misc_corridors, basic_altar, nzn_random_ring,
          grunt_megastairs_1
Lair:3:   layout_small_grid, elwin_shoals_entry_rooms,
          minmay_snake_entry_guardpost_small, forest_entry_grove,
          serial_bayou_shore_a
Lair:4:   layout_gridlike, gauntlet_entry_generic, lemuel_another_geyser
Lair:5:   minmay_lair_end_enchanted_forest, layout_concentric_octagons,
          slime_entry_1, hibernation_bobbens
Orc:1:    layout_caves, serial_shops, uniq_erolcha
Orc:2:    grunt_orc_gardens, layout_caves, grunt_orc_garden, grunt_orc_garden,
          grunt_orc_garden, grunt_orc_garden, mines4_lemuel, uniq_azrael
Elf:1:    nicolae_elf_arrival_no_cutting_in_line, layout_rooms,
          mu_enter_wizlab_3, serial_shops, nicolae_shop_crystal,
          nicolae_shop_waterfront, nicolae_shop_crystal,
          kennysheep_underground_church
WizLab:   wizlab_tukima

Skill      XL: |  1  2  3  4  5  6  7  8  9 10 11 12 13 14 15 |
---------------+----------------------------------------------+-----
Shields        | 4 5 6 7 9 10 11 13 15 17 18 | 18.7
Long Blades    | 3 4 5 6 7 9 11 12 14 15 17 18 | 18.1
Fighting       | 4 5 6 7 8 10 12 13 14 16 | 16.3
Armour         | 4 5 6 8 10 11 13 14 15 | 15.4
Dodging        | 1 2 3 4 5 6 |  6.7
Stealth        | 1 |  1.9
Invocations    | 1 |  1.2

Action                     |  1- 3 |  4- 6 |  7- 9 | 10-12 | 13-15 | 16-18 || total
---------------------------+-------+-------+-------+-------+-------+-------++-------
  Melee: Long sword        |   100 |   104 |   204 |    62 |       |       ||   470
         Headbutt          |    13 |    16 |    50 |   107 |   322 |     3 ||   511
         Falchion          |       |       |    76 |       |       |       ||    76
         Scimitar          |       |       |       |   381 |   588 |       ||   969
         Double sword      |       |       |       |       |   609 |    13 ||   622
 Invoke: Heroism           |       |       |       |     2 |     8 |     1 ||    11
    Use: Potion            |     2 |       |       |     1 |    11 |       ||    14
         Scroll            |     1 |     4 |     1 |    13 |    12 |       ||    31
 Armour: Scale mail        |    39 |       |       |       |       |       ||    39
         Chain mail        |    17 |    37 |    82 |       |       |       ||   136
         Plate armour      |       |       |     9 |   165 |   205 |       ||   379
         Pearl dragon scal |       |       |       |       |   148 |       ||   148
  Dodge: Dodged            |    53 |    72 |   141 |   169 |   517 |     3 ||   955
  Block: Buckler           |    17 |     1 |       |       |       |       ||    18
         Kite shield       |       |    46 |   174 |   270 |  1182 |     6 ||  1678
         Reflection        |       |       |       |       |    51 |     5 ||    56
